AoeStats
← papatheocari

Arabia

510414950Analyzed
1v1 RM · 13h ago on Sep 30, 2026· 59m 29s· 2 players
Game mode
Random Map
Map size
Tiny (2 player)
Population
200
Speed
Normal
Resources
Standard
Victory
Conquest
Starting age
Dark Age
Ending age
Imperial Age
RankedLock teamsTeams togetherTeam positionsShared explorationLock speedFull tech treeHidden civsTurbo modeCheats
Victory
Defeat
🇬🇧 Franks · United Kingdom
1068
+16
🇧🇪 Franks · Belgium
1078
-16
Munter
9:40 Loom
11:26 Feudal Age
16:07 Forging
17:18 Town Watch
17:53 Scale Barding Armor
22:17 Castle Age
23:02 Husbandry
23:24 Chain Barding Armor
26:36 Iron Casting
31:19 Fletching
34:34 Town Patrol
35:17 Wheelbarrow
36:06 Bodkin Arrow
43:23 Imperial Age
43:25 Gold Mining
43:57 Cavalier
45:14 Conscription
45:43 Plate Barding Armor
46:19 Scale Mail Armor
46:08 Arson
46:23 Squires
47:25 Chain Mail Armor
51:09 Blast Furnace
51:06 Plate Mail Armor
54:50 Gold Shaft Mining
54:28 Light Cavalry
57:17 Masonry
papatheocari
3:31 Loom
10:30 Feudal Age
13:31 Double-Bit Axe
19:32 Castle Age
19:58 Scale Barding Armor
19:49 Pikeman
26:24 Husbandry
26:38 Forging
28:45 Squires
28:48 Scale Mail Armor
29:50 Fletching
40:03 Imperial Age
42:09 Halberdier
50:12 Cavalier
57:01 Wheelbarrow
59:51 Bodkin Arrow
Connection lost

Rejoining the realm…

Still unreachable

The connection could not be restored.

Session expired

The server has moved on; the page needs a fresh start.